 Dungeon Crawl Stone Soup version 0.27-b1-42-g19c61b19a5 (webtiles) character file.

Game seed: 14346031463860313220

37389 ZARRMARR the Thrower (level 13, -9/73 HPs)
             Began as a Gargoyle Fighter on July 29, 2021.
             Was a High Priest of Hepliaklqana.
             Killed from afar by a manticore (14 damage)
             ... with a volley of spikes
             ... on level 15 of the Dungeon on July 30, 2021.
             The game lasted 02:52:38 (21813 turns).

ZARRMARR the Thrower (Gargoyle Fighter)            Turns: 21813, Time: 02:52:39

Health: -9/73      AC: 24    Str: 28    XL:     13   Next: 96%
Magic:  0/13       EV: 14    Int: 10    God:    Hepliaklqana [*****.]
Gold:   553        SH:  0    Dex: 13    Spells: 12/12 levels left

rFire    + . .     SeeInvis +   m - +9 quarterstaff "Baopte" {freeze, rF+ Will++}
rCold    + . .     Faith    .   (shield currently unavailable)
rNeg     + . .     Spirit   +   t - +1 leather armour {Will+}
rPois    ∞         Reflect  .   e - +1 hat {SInv}
rElec    +         Harm     .   c - +4 cloak "Vein" {rCorr Str+4 Dex+4}
rCorr    +         Rampage  .   (no gloves)
Will     +++..                  (no boots)
Stlth    +++.......             H - amulet of guardian spirit
HPRegen  0.22/turn              l - +4 ring of protection
MPRegen  0.13/turn              h - ring of protection from cold

@: spiked
A: reduced essence, sickness immunity, AC +9, negative energy resistance 1,
electricity resistance, torment resistance 1, petrification resistance
a: Renounce Religion, Recall Ancestor, Ancestor Identity, Transference, Idealise


You were on level 15 of the Dungeon.
You worshipped Hepliaklqana.
Hepliaklqana was extremely pleased with you.
You visited 1 branch of the dungeon, and saw 15 of its levels.

You collected 1092 gold pieces.
You spent 539 gold pieces at shops.

Inventory:

Hand Weapons
 g - a +2 flail of protection
 m - the +9 quarterstaff "Baopte" (weapon) {freeze, rF+ Will++}
   (You took it off a skeletal warrior on level 12 of the Dungeon)

   It freezes those it strikes, dealing additional cold damage.
   It can also slow down cold-blooded creatures.
   rF:        It protects you from fire.
   Will:      It greatly increases your willpower.
 B - a +3 scimitar of flaming
 U - a +1 longbow of flaming
 V - a +6 spear of venom
 X - a +2 arbalest of freezing
Missiles
 f - 54 poisoned darts (quivered)
 q - a curare-tipped dart
Armour
 c - the +4 cloak "Vein" (worn) {rCorr Str+4 Dex+4}
   (You bought it in a shop on level 1 of the Dungeon)

   Str:       It affects your strength (+4).
   Dex:       It affects your dexterity (+4).
   rCorr:     It protects you from acid and corrosion.
 e - a +1 hat of see invisible (worn)
 t - a +1 leather armour of willpower (worn)
 J - the +0 buckler "Histraus" {rPois rN++ Int-5 Stlth+}
   (You took it off an orc on level 9 of the Dungeon)

   Int:       It affects your intelligence (-5).
   rPois:     It protects you from poison.
   rN:        It greatly protects you from negative energy.
   Stlth:     It makes you more stealthy.
 K - +0 gold dragon scales
 N - a +0 helmet
 Y - a +0 troll leather armour
Jewellery
 h - a ring of protection from cold (right hand)
 k - an amulet of the acrobat
 l - a +4 ring of protection (left hand)
 r - a ring of fire
 w - a +6 ring of intelligence
 H - an amulet of guardian spirit (around neck)
 R - a ring of wizardry
Wands
 s - a wand of flame (25)
 v - a wand of mindburst (17)
 x - a wand of charming (7)
 y - a wand of paralysis (2)
 D - a wand of digging (5)
 E - a wand of polymorph (7)
 I - a wand of acid (2)
Scrolls
 a - 2 scrolls of brand weapon
 b - a scroll of magic mapping
 d - 3 scrolls of noise
 i - 3 scrolls of immolation
 j - 2 scrolls of amnesia
 p - 2 scrolls of vulnerability {unknown}
 F - a scroll of enchant weapon {unknown}
 M - a scroll of fog {unknown}
 O - 2 scrolls of holy word {unknown}
 P - a scroll of enchant armour {unknown}
 S - a scroll of torment {unknown}
 T - a scroll of blinking {unknown}
 W - 3 scrolls of silence {unknown}
Potions
 n - 2 potions of haste {unknown}
 o - 4 potions of degeneration {unknown}
 u - a potion of berserk rage {unknown}
 z - 4 potions of flight {unknown}
 A - a potion of curing
 C - 3 potions of attraction {unknown}
 G - a potion of ambrosia {unknown}
 L - 2 potions of brilliance {unknown}
 Q - a potion of invisibility {unknown}
Miscellaneous
 Z - a lightning rod (4/4)


   Skills:
 + Level 9.9 Fighting
 - Level 10.3(11.3) Maces & Flails
 + Level 7.7(10.1) Staves
 - Level 12.0 Throwing
 + Level 6.6 Armour
 + Level 7.2 Dodging
 + Level 5.7 Stealth
 - Level 6.9 Shields
 + Level 1.7 Evocations


You had 12 spell levels left.
You didn't know any spells.
Your spell library contained the following spells:

 Spells                   Type           Power      Damage    Failure   Level
 Freeze                   Ice            0%         1d3       38%         1
 Call Canine Familiar     Summ           0%         N/A       77%         3
 Frozen Ramparts          Ice            0%         1d2       77%         3
 Ozocubu's Armour         Ice            0%         N/A       77%         3
 Portal Projectile        Hex/Tloc       0%         N/A       77%         3
 Hailstorm                Conj/Ice       0%         3d3       99%         4
 Leda's Liquefaction      Hex/Erth       0%         N/A       99%         4
 Fireball                 Conj/Fire      0%         3d3       100%        5
 Starburst                Conj/Fire      0%         8x6d3     100%        6
 Ozocubu's Refrigeration  Ice            0%         4d5       100%        7
 Ignition                 Fire           0%         3d3       100%        8


Dungeon Overview and Level Annotations

Branches:
Dungeon (14/15)            Temple (0/1) D:5            Lair (0/6) D:9
    Orc (0/2) D:9          Vaults (0/5) D:13

Altars:
Dithmenos
Hepliaklqana
Kikubaaqudgha
Makhleb
Okawaru
Qazlal
Sif Muna
Trog
Uskayaw
Wu Jian
Xom
The Shining One

Shops:
D:1 [   D:4 ((*([   D:5 (

Portals:
Trove: D:12 (give +2 shadow dragon scales)


Innate Abilities, Weirdness & Mutations

Your life essence is reduced to manifest your ancestor. (-10% HP)
You are immune to sickness and miasma.
Your stone body is resilient. (AC +9)
You are immune to poison.
You resist negative energy. (rN+)
You are resistant to electric shocks. (rElec)
You are resistant to unholy torment.
You are immune to petrification.


Message History

Press: ? - help, Dir - move target, f/p - yaktaur
Aim: a yaktaur, quivering bolts (severely wounded, poisoned, about 12% to evade the +9 quarterstaff "Baopte")
You sock the yaktaur! You freeze the yaktaur.
You kill the yaktaur!
Unknown command.
Hit: m) +9 quarterstaff "Baopte" {freeze, rF+ Will++}
Press: ? - help, Dir - move target, f - yaktaur
Aim: a yaktaur, quivering bolts (about 12% to evade the +9 quarterstaff "Baopte")
You thump the yaktaur! You freeze the yaktaur.
The yaktaur is moderately wounded.
The yaktaur hits you!
* * * LOW HITPOINT WARNING * * *
Hit: m) +9 quarterstaff "Baopte" {freeze, rF+ Will++}
Press: ? - help, Dir - move target, f/p - yaktaur
Aim: a yaktaur, quivering bolts (moderately wounded, about 12% to evade the +9 quarterstaff "Baopte")
You bludgeon the yaktaur!! You freeze the yaktaur.
The yaktaur is almost dead.
The yaktaur wields a +0 arbalest.
The yaktaur shoots a bolt.
The bolt hits you!
* * * LOW HITPOINT WARNING * * *
Hit: m) +9 quarterstaff "Baopte" {freeze, rF+ Will++}
Press: ? - help, Dir - move target, f/p - yaktaur
Aim: a yaktaur, quivering bolts (almost dead, about 12% to evade the +9 quarterstaff "Baopte")
You sock the yaktaur! You freeze the yaktaur.
You kill the yaktaur!
The yaktaur shoots a bolt.
The bolt hits you but does no damage.
The manticore flicks its tail.
The volley of spikes misses you.
The yaktaur unwields a +0 arbalest.
The yaktaur misses you.
You see here a poisoned dart.
The yaktaur wields a +0 arbalest.
The yaktaur shoots a bolt.
The bolt hits you!
* * * LOW HITPOINT WARNING * * *
Aiming: Paralyse
Press: ? - help, Shift-Dir - straight line, f - yaktaur
Aim: a yaktaur, wielding a +0 arbalest and quivering bolts (chance to affect: 33%)
The yaktaur easily resists.
The yaktaur shoots a bolt.
The bolt hits you but does no damage.
The manticore flicks its tail.
The volley of spikes hits you!
The barbed spikes become lodged in your body.
You die...

#..# .. #. ##. ##.###.#
#.#######.. #..# ..
#......[#.#
##.###.###....#.#.####..
#..##..#.!.............
##.###.#......cH.#
#..##.........#)#
##.###........#.(.
#..#..#.....@###H..
##.#)####.#.......#..
#..)# #...######...)
##.###.#.#.# ... #..#
#.#.#.# ... #=## # # #
.. #.# ..


You could see a manticore and a yaktaur.

Vanquished Creatures
  Nessos (D:13)
  Azrael (D:12)
  Erolcha (D:12)
  5 vault guards
  2 centaur warriors
  4 two-headed ogres
  3 death yaks
  2 tengu warriors (D:15)
  A skeletal warrior (D:12)
  A wizard (D:14)
  A deep elf archer (D:13)
  An orc sorcerer (D:12)
  2 ugly things
  A cyclops (D:8)
  4 gargoyles
  4 yaktaurs
  2 unseen horrors
  A kobold demonologist (D:12)
  2 tengu conjurers
  2 trolls
  10 slime creatures (D:12)
  19 flying skulls (D:12)
  A vampire (D:11)
  21 yaks
  Menkaure (D:4)
  7 vampire mosquitoes
  Edmund (D:4)
  3 hell hounds
  A water moccasin (D:7)
  An ice beast (D:7)
  5 orc warriors
  5 centaurs
  An ogre (D:3)
  A necrophage (D:4)
  A kobold brigand (D:10)
  A phantom (D:6)
  2 bullfrogs
  3 scorpions (D:4)
  A wyvern skeleton (D:7)
  8 killer bees
  6 wights
  3 howler monkeys
  3 centaur zombies
  A jelly (D:6)
  A hound (D:6)
  7 orc priests
  Crazy Yiuf (D:4)
  A bullfrog skeleton (D:6)
  4 iguanas
  Ijyb (D:5)
  2 hell rats
  2 hexers
  9 orc wizards
  A killer bee zombie (D:8)
  A scorpion simulacrum (D:3)
  5 gnolls
  7 adders
  2 river rats (D:9)
  A hound simulacrum (D:3)
  2 white imps
  An ufetubus (D:4)
  2 worms
  A dart slug (D:2)
  An adder simulacrum (D:3)
  39 orcs
  7 bats
  5 endoplasms
  4 giant cockroaches
  3 goblins
  8 hobgoblins
  6 jackals
  7 kobolds
  2 quokkas (D:2)
  11 ball pythons
  A ball python simulacrum (D:3)
  6 frilled lizards
  2 giant cockroach simulacra (D:3)
  A jackal skeleton (D:4)
  6 rats
307 creatures vanquished.

Vanquished Creatures (collateral kills)
  A catoblepas (D:13)
  A two-headed ogre (D:10)
  3 slime creatures (D:12)
  A flying skull (D:12)
  A fire elemental (D:12)
  2 wraiths
  3 yaks
  An ice beast (D:7)
  A sky beast (D:8)
  4 orc warriors
  The ghost of DemonSlayer the Skirmisher, an amateur HuBe of Trog (D:3)
  A bullfrog (D:8)
  A scorpion (D:6)
  2 gnoll sergeants
  A water moccasin skeleton (D:6)
  5 killer bees (D:9)
  A bullfrog zombie (D:5)
  2 centaur zombies (D:9)
  2 orc priests
  An iguana (D:6)
  3 orc wizards
  A killer bee zombie (D:7)
  An adder (D:6)
  A gnoll (D:7)
  11 orcs
  2 quokkas (D:9)
  2 rats (D:9)
56 creatures vanquished.

Vanquished Creatures (others)
  A vampire mosquito (D:13)
  A hell hound (D:13)
  A human (D:5)
  16 hexers
  2 ancestors
  A giant cockroach (D:3)
22 creatures vanquished.

Grand Total: 385 creatures vanquished

Notes
Turn   | Place    | Note
-------+----------+-------------------------------------------
     0 | D:1      | ZARRMARR the Gargoyle Fighter began the quest for the Orb.
     0 | D:1      | Reached XP level 1. HP: 14/14 MP: 1/1
   174 | D:1      | Reached XP level 2. HP: 19/19 MP: 2/2
   771 | D:1      | Reached XP level 3. HP: 23/23 MP: 3/3
   967 | D:1      | Found a faded altar of an unknown god.
  1093 | D:1      | Found Omeseptaer's Armour Boutique.
  1619 | D:2      | Reached XP level 4. HP: 26/28 MP: 4/4
  2235 | D:3      | Found a runed translucent gate.
  2235 | D:3      | Found a runed translucent gate.
  2236 | D:3      | Found a runed translucent gate.
  2323 | D:3      | Found a hazy altar of Hepliaklqana.
  2339 | D:3      | Became a worshipper of Hepliaklqana the Forgotten
  2535 | D:3      | Noticed an ogre
  2545 | D:3      | Killed an ogre
  2546 | D:3      | Reached skill level 1 in Throwing
  2546 | D:3      | Reached XP level 5. HP: 33/33 MP: 5/5
  2566 | D:3      | Noticed DemonSlayer's ghost (amateur HuBe)
  2716 | D:3      | Found a stormy altar of Qazlal.
  2808 | D:4      | Found Wafihe's Antique Armour Emporium.
  2808 | D:4      | Found Tolibieh's Assorted Antiques.
  2809 | D:4      | Found Xiwer's Antique Weapon Boutique.
  2818 | D:4      | Found Seam Dast's Antique Weapon Emporium.
  2818 | D:4      | Found Ramuu's Weapon Boutique.
  2872 | D:4      | Reached skill level 2 in Throwing
  2872 | D:4      | Reached XP level 6. HP: 38/38 MP: 6/6
  2924 | D:4      | Reached skill level 3 in Throwing
  2924 | D:4      | Reached skill level 1 in Dodging
  3326 | D:4      | Noticed a necrophage
  3334 | D:4      | Killed a necrophage
  3335 | D:4      | Reached XP level 7. HP: 40/42 MP: 7/7
  3361 | D:4      | Noticed Edmund
  3706 | D:4      | Found a burning altar of Makhleb.
  3733 | D:4      | Killed Edmund
  3893 | D:4      | Found a runed translucent door.
  3894 | D:4      | Noticed Crazy Yiuf
  3915 | D:4      | Noticed Menkaure
  3924 | D:4      | Killed Menkaure
  3925 | D:4      | Reached skill level 4 in Throwing
  4213 | D:4      | Reached skill level 5 in Shields
  4213 | D:4      | Reached XP level 8. HP: 32/48 MP: 8/8
  4405 | D:4      | Reached skill level 5 in Maces & Flails
  4631 | D:4      | Reached * piety under Hepliaklqana
  4776 | D:5      | Entered Level 5 of the Dungeon
  4776 | D:5      | Found Hirress's Weapon Boutique.
  4816 | D:5      | Found an ancient bone altar of Kikubaaqudgha.
  4876 | D:5      | Found a staircase to the Ecumenical Temple.
  4896 | D:5      | Noticed Ijyb
  4904 | D:5      | Killed Ijyb
  5313 | D:5      | You fall into a shaft and drop 1 floor!
  5316 | D:6      | Reached skill level 5 in Throwing
  5759 | D:4      | Killed Crazy Yiuf
  5930 | D:3      | Killed DemonSlayer's ghost
  6059 | D:6      | You fall into a shaft and drop 3 floors!
  6076 | D:8      | Noticed a yak
  6076 | D:8      | Noticed a yak
  6076 | D:8      | Noticed a yak
  6096 | D:9      | Killed a yak
  6109 | D:9      | Killed a yak
  6110 | D:9      | Reached skill level 6 in Throwing
  6181 | D:8      | Killed a yak
  6182 | D:8      | Reached skill level 5 in Armour
  6182 | D:8      | Reached XP level 9. HP: 11/46 MP: 9/9
  6438 | D:8      | Reached ** piety under Hepliaklqana
  6439 | D:8      | Remembered your ancestor Marzena as a hexer
  6512 | D:7      | Reached skill level 1 in Evocations
  6793 | D:7      | Reached skill level 7 in Throwing
  7531 | D:7      | Reached skill level 1 in Stealth
  7690 | D:6      | Reached *** piety under Hepliaklqana
  7754 | D:6      | Reached skill level 8 in Throwing
  8358 | D:6      | Reached XP level 10. HP: 32/52 MP: 10/10
  8643 | D:8      | Noticed a cyclops
  8666 | D:8      | Killed a cyclops
  8788 | D:8      | Found an ornate altar of the Wu Jian Council.
  9380 | D:9      | Identified the +0 buckler "Histraus" {rPois rN++ Int-5
                  | Stlth+}
  9390 | D:9      | Found a shadowy altar of Dithmenos.
  9390 | D:9      | Found a glowing golden altar of the Shining One.
  9572 | D:9      | Found a staircase to the Orcish Mines.
  9649 | D:9      | Noticed a death yak
  9676 | D:9      | Killed a death yak
  9677 | D:9      | Reached skill level 5 in Fighting
  9677 | D:9      | Reached skill level 9 in Throwing
  9941 | D:9      | Found a staircase to the Lair.
  9943 | D:9      | Noticed a death yak
  9943 | D:9      | Noticed a death yak
 10018 | D:8      | Killed a death yak
 10395 | D:8      | Killed a death yak
 10569 | D:9      | Reached XP level 11. HP: 57/57 MP: 11/11
 10923 | D:9      | Reached **** piety under Hepliaklqana
 11394 | D:1      | Bought the +4 cloak "Vein" {rCorr Str+4 Dex+4} for 539 gold
                  | pieces
 11582 | D:10     | Entered Level 10 of the Dungeon
 11582 | D:10     | Noticed a two-headed ogre
 11588 | D:10     | Killed a two-headed ogre
 11589 | D:10     | Reached skill level 10 in Throwing
 12129 | D:10     | Found a shimmering altar of Xom.
 12130 | D:10     | Found a hide-covered altar of Uskayaw.
 12131 | D:10     | Found a bloodstained altar of Trog.
 12131 | D:10     | Found an iron altar of Okawaru.
 12348 | D:11     | Noticed a two-headed ogre
 12355 | D:11     | Killed a two-headed ogre
 12385 | D:11     | Reached skill level 11 in Throwing
 12679 | D:11     | Noticed a two-headed ogre
 12715 | D:11     | Killed a two-headed ogre
 12752 | D:11     | Found a shimmering blue altar of Sif Muna.
 12888 | D:11     | Reached XP level 12. HP: 58/63 MP: 10/12
 12956 | D:11     | Reached ***** piety under Hepliaklqana
 13705 | D:12     | Reached skill level 12 in Throwing
 13718 | D:12     | Reached skill level 10 in Maces & Flails
 13762 | D:12     | Identified the +9 quarterstaff "Baopte" {freeze, rF+
                  | Will++}
 13861 | D:12     | HP: 2/64 [skeletal warrior (6)]
 14252 | D:12     | Found the +3 giant club "Skullcrusher" {speed, Str+7}
 14288 | D:12     | Found a portal to a secret trove of treasure.
 14321 | D:12     | Noticed Erolcha
 14331 | D:12     | Noticed a two-headed ogre
 14334 | D:12     | Killed Erolcha
 14335 | D:12     | Reached skill level 5 in Dodging
 14341 | D:12     | Killed a two-headed ogre
 14342 | D:12     | Reached skill level 1 in Staves
 15500 | D:13     | Noticed Azrael
 15505 | D:13     | Noticed a centaur warrior
 15530 | D:13     | Noticed a two-headed ogre
 15829 | D:12     | Reached XP level 13. HP: 32/71 MP: 5/13
 16928 | D:13     | Noticed Nessos
 16936 | D:12     | HP: 3/72 [Azrael (4)]
 16939 | D:12     | Killed Azrael
 16940 | D:12     | Reached skill level 5 in Staves
 19084 | D:13     | Killed Nessos
 19504 | D:13     | Noticed a vault guard
 19670 | D:13     | Noticed a vault guard
 19710 | D:13     | Reached skill level 5 in Stealth
 19839 | D:13     | Noticed a vault guard
 20280 | D:13     | Killed a vault guard
 20513 | D:13     | Killed a vault guard
 20624 | D:13     | Killed a vault guard
 20646 | D:13     | Found a gate to the Vaults.
 20646 | D:13     | Noticed a vault guard
 20648 | D:13     | Noticed a vault guard
 20679 | D:12     | Killed a vault guard
 20880 | D:13     | Killed a vault guard
 21027 | D:13     | Identified the +3 spear of Indignation {vorpal, rPois SInv}
 21534 | D:14     | You fall into a shaft and drop 1 floor!
 21534 | D:15     | Entered Level 15 of the Dungeon
 21813 | D:15     | Killed from afar by a manticore

Illustrated notes

Levels and vault maps discovered:
D:1:      evilmike_arrival_crescent, layout_basic, serial_shops,
          nicolae_shop_statue_plus, basic_ecumenical_altar
D:2:      layout_loops_ring
D:3:      layout_rooms, nzn_hepliaklqana_mist_gate,
          nicolae_qazlal_scattered_showers, gammafunk_ghost_icy
D:4:      layout_gridville, general_overflow_altar, nicolae_wooded_promenade,
          chequers_decorated_corner, uniq_menkaure, uniq_crazy_yiuf_cottage,
          uniq_edmund
D:5:      layout_rooms, tgw_kikubaaqudgha, minmay_temple_entry_glass,
          serial_shops, shop, kennysheep_generic_room_12, uniq_ijyb
D:6:      layout_basic, hangedman_minor_gate_pass
D:7:      layout_gridville, grunt_ministairs_14
D:8:      layout_cave_pools, nicolae_wu_jian_wuxing_cycle
D:9:      layout_roguey, mainiacjoe_overflow_large_starburst,
          dpeg_lair_monsters, david_orc_2
D:10:     layout_basic, mainiacjoe_overflow_alcove_3
D:11:     layout_basic, dk_vineyard_2, roderic_serpentine_path,
          minmay_misc_feat_pillars, led_sif_book
D:12:     minmay_goldmine, layout_cave_pods, enter_trove_0,
          minmay_guarded_unrand_skullcrusher, uniq_erolcha
D:13:     layout_rooms, grunt_vaults_entry_fortified, uniq_azrael, uniq_nessos
D:14:     layout_grid_maze, nicolae_gozag_seed_capital
D:15:     grunt_enter_depths_giant_problem, layout_loops_cross, serial_shops,
          bzr_in_the_mist, nicolae_benzene_ring, uniq_rupert

Skill      XL: |  1  2  3  4  5  6  7  8  9 10 11 12 13 |
---------------+----------------------------------------+-----
Armour         | 4 5 6 |  6.6
Shields        | 4 5 6 |  6.9
Maces & Flails | 3 4 6 7 8 9 10 | 10.3
Throwing       | 1 2 3 4 6 8 9 11 12 | 12.0
Dodging        | 1 2 3 6 7 |  7.2
Fighting       | 4 5 6 8 9 |  9.9
Evocations     | 1 |  1.7
Stealth        | 1 2 3 4 5 |  5.7
Staves         | 2 7 |  7.7

Action                   |  1- 3 |  4- 6 |  7- 9 | 10-12 | 13-15 || total
-------------------------+-------+-------+-------+-------+-------++-------
Melee: Flail             |   114 |   133 |   219 |   390 |       ||   856
       Quarterstaff      |       |       |       |    44 |   174 ||   218
Throw: Dart              |    52 |    15 |    48 |    75 |    80 ||   270
       Boomerang         |       |    41 |   142 |   248 |       ||   431
Invok: Recall Ancestor   |       |       |     1 |       |     2 ||     3
       Ancestor Life: He |       |       |     1 |       |       ||     1
Evoke: Wand              |       |       |    15 |     4 |     5 ||    24
  Use: Scroll            |     2 |     2 |     5 |     1 |     1 ||    11
       Potion            |       |     1 |       |     4 |       ||     5
 Stab: Distracted        |       |       |     2 |     5 |     4 ||    11
       Confused          |       |       |       |     5 |       ||     5
Armor: Scale mail        |    60 |    76 |    38 |       |       ||   174
       Leather armour    |       |       |    74 |   231 |   130 ||   435
Dodge: Dodged            |    39 |    51 |    60 |   236 |   156 ||   542
Block: Kite shield       |    73 |    91 |   121 |    92 |       ||   377
       Buckler           |       |       |       |    72 |       ||    72
